[Event "Titled Tuesday Blitz February 22 Early 2022"]
[White "Iljin, Timofey"]
[Black "Von Buelow, Georg"]
[WhiteFideId "14110180"]
[BlackFideId "4620658"]
[WhiteElo "2396"]
[BlackElo "2193"]
[Result "0-1"]
[Round "08"]
[TimeControl "180+1"]
[Date "2022.02.22"]
[WhiteClock "0:00:01"]
[BlackClock "0:00:14"]

1. e4 e5 2. d4 exd4 3. c3 Qe7 4. cxd4 Qxe4+ 5. Be3 d5 6. Nf3 c6 7. Bd3 Qe6 8. h3 Be7 9. O-O Nf6 10. Nc3 O-O 11. Re1 Qd6 12. Bc2 Nbd7 13. Qd3 Re8 14. Ne5 Nf8 15. Bf4 Qd8 16. Qf3 Be6 17. g4 N6d7 18. Nxd7 Qxd7 19. Re2 Bd6 20. Be5 Bxe5 21. dxe5 d4 22. Ne4 Bd5 23. Rd1 Bxe4 24. Qxe4 c5 25. f4 Qc7 26. f5 Rad8 27. Qf4 b5 28. h4 Qb6 29. Kh2 c4 30. e6 fxe6 31. f6 gxf6 32. Be4 Qd6 33. Qxd6 Rxd6 34. g5 fxg5 35. hxg5 e5 36. Kg3 Re7 37. Kg4 Rg7 38. Rf1 Re7 39. Kh5 d3 40. Ref2 Ng6 41. Rf6 Rxf6 42. gxf6 Rd7 43. Kg5 d2 44. f7+ Kf8 45. Bc2 Nf4 46. Rd1 Rxf7 47. Rxd2 Kg7 48. Rh2 Ng6 49. Re2 Re7 50. Bf5 h6+ 51. Kg4 Nf4 52. Rd2 Kf6 53. Rd6+ Kg7 54. Ra6 Nd5 55. Rd6 Nf6+ 56. Kf3 e4+ 57. Ke2 Re5 0-1


[Site "https://www.chess.com"]

[Event "Titled Tuesday Blitz February 22 Early 2022"]
[White "Indjic, Aleksandar"]
[Black "Lazavik, Denis"]
[WhiteFideId "911925"]
[BlackFideId "13515110"]
[WhiteElo "2616"]
[BlackElo "2436"]
[Result "1-0"]
[Round "08"]
[TimeControl "180+1"]
[Date "2022.02.22"]
[WhiteClock "0:00:14"]
[BlackClock "0:00:52"]

1. d4 d5 2. Nf3 Nf6 3. Bf4 e6 4. e3 Bd6 5. Nbd2 O-O 6. c3 b6 7. Ne5 c5 8. h4 Qc7 9. h5 Nbd7 10. h6 g6 11. Nxd7 Bxd7 12. Bxd6 Qxd6 13. Nf3 Ng4 14. Ng5 e5 15. Be2 Nf6 16. Nf3 exd4 17. exd4 Bg4 18. Ne5 Bxe2 19. Qxe2 Rfe8 20. O-O-O Nd7 21. Qf3 Nxe5 22. dxe5 Rxe5 23. Rhe1 Rae8 24. Rxe5 Rxe5 25. c4 d4 26. Kb1 Re8 27. Kc2 Qe5 28. Kb3 Qe2 29. Qf6 Qe5 30. Re1 1-0


[Site "https://www.chess.com"]

[Event "Titled Tuesday Blitz February 22 Early 2022"]
[White "Ishbaev, Alibek"]
[Black "Djokic, Mihailo"]
[WhiteFideId "14205017"]
[BlackFideId "976440"]
[WhiteElo "2385"]
[BlackElo "2008"]
[Result "1/2-1/2"]
[Round "08"]
[TimeControl "180+1"]
[Date "2022.02.22"]
[WhiteClock "0:00:25"]
[BlackClock "0:01:05"]

1. c4 e5 2. g3 Nc6 3. Bg2 Bc5 4. e3 d6 5. Ne2 Bf5 6. O-O h5 7. d4 Bb6 8. c5 dxc5 9. Bxc6+ bxc6 10. dxe5 Qxd1 11. Rxd1 Bg4 12. Nbc3 h4 13. Kg2 hxg3 14. hxg3 Ne7 15. f3 Be6 16. b3 c4 17. Nf4 cxb3 18. Nxe6 fxe6 19. axb3 Nd5 20. Nxd5 cxd5 21. Bd2 Rb8 22. Rh1 Rxh1 23. Rxh1 Bc5 24. Rc1 Bb6 25. b4 Rd8 26. Rc6 Kf7 27. f4 g6 28. Kf3 Rh8 29. Bc3 Rh1 30. Bd4 Rb1 31. Bxb6 cxb6 32. Rc7+ Ke8 33. Rxa7 Rxb4 34. Rg7 Rb3 35. Rxg6 Kf7 36. Rf6+ Ke7 37. Ke2 b5 38. Rh6 b4 39. Rh7+ Ke8 40. Rb7 Rb1 41. g4 b3 42. g5 Kd8 43. Kd2 b2 44. Kc2 Re1 45. Rxb2 Re2+ 46. Kc1 Rxe3 47. Rg2 Ke8 48. g6 Kf8 49. g7+ Kg8 50. Rg4 Re2 51. Kd1 Rf2 52. Ke1 Rh2 53. Kf1 d4 54. Rg6 Rh4 55. Rf6 Kxg7 56. Ke2 Rh3 57. Rxe6 d3+ 58. Kd2 Kf7 59. Rf6+ Ke7 60. Rf5 Ke6 61. Rf6+ Kd5 62. Rd6+ Ke4 63. Rf6 Rh2+ 64. Kc3 Rc2+ 65. Kb3 Rc8 66. Rd6 Kxf4 67. Rxd3 Kxe5 68. Rc3 Rb8+ 69. Kc2 Kd4 70. Rb3 Rh8 71. Kb2 Kc4 72. Rc3+ Kb4 73. Rb3+ Ka4 74. Ra3+ Kb5 75. Rb3+ Kc5 76. Rc3+ Kd4 77. Rb3 Rh2+ 78. Kb1 Kc4 79. Ra3 Kb4 80. Rg3 Rf2 81. Kc1 Kc4 82. Kd1 Kd4 83. Ke1 Rh2 84. Ra3 Ke4 85. Kf1 Rb2 86. Kg1 Kf4 87. Kf1 Ke4 88. Ke1 Kd4 89. Kd1 Rh2 90. Rg3 Rh1+ 91. Ke2 Ke4 92. Kf2 Kf4 93. Ra3 Rb1 94. Ke2 Rb2+ 95. Kd1 Rh2 96. Kc1 Ke4 97. Kd1 Kd4 98. Ke1 Kc4 99. Kf1 Kb4 100. Rg3 Kc5 101. Kg1 Ra2 102. Rg2 Ra1+ 103. Kh2 Kd4 104. Rg1 Ra8 105. Rg3 Ke4 106. Rb3 Kf4 107. Kg2 Ra4 108. Kf2 Ra2+ 109. Ke1 Ke4 110. Kd1 Kd4 111. Rh3 Kc4 112. Kc1 Kb4 113. Kd1 Ra3 114. Rxa3 Kxa3 1/2-1/2


[Site "https://www.chess.com"]

[Event "Titled Tuesday Blitz February 22 Early 2022"]
[White "Iskusnyh, Sergei"]
[Black "Kozak, Alexander"]
[WhiteFideId "4120027"]
[BlackFideId "4135881"]
[WhiteElo "2492"]
[BlackElo "2251"]
[Result "1-0"]
[Round "08"]
[TimeControl "180+1"]
[Date "2022.02.22"]
[WhiteClock "0:02:11"]
[BlackClock "0:01:46"]

1. d4 g6 2. c4 Bg7 3. Nf3 d6 4. g3 Nd7 5. Bg2 e5 6. Nc3 Ne7 7. O-O O-O 8. dxe5 dxe5 9. Qc2 c6 10. Rd1 Qc7 11. b3 e4 12. Nd4 Nc5 13. Ba3 b6 14. b4 Ne6 15. Nxe6 Bxe6 16. Nxe4 Bxa1 17. Rxa1 f5 18. Ng5 Bf7 19. Qc3 1-0


[Site "https://www.chess.com"]

[Event "Titled Tuesday Blitz February 22 Early 2022"]
[White "Jakubowska, Anna"]
[Black "Martins, Bruno Andre Leite"]
[WhiteFideId "1121952"]
[BlackFideId "1942255"]
[WhiteElo "1924"]
[BlackElo "2137"]
[Result "0-1"]
[Round "08"]
[TimeControl "180+1"]
[Date "2022.02.22"]
[WhiteClock "0:00:29"]
[BlackClock "0:00:47"]

1. e4 e6 2. d4 d5 3. Nd2 Nf6 4. e5 Nfd7 5. Bd3 c5 6. c3 b6 7. Ne2 Ba6 8. Bxa6 Nxa6 9. O-O h5 10. f4 g6 11. Nf3 Nc7 12. Be3 c4 13. b3 b5 14. bxc4 dxc4 15. Bf2 Be7 16. Ng3 Nb6 17. Ne4 a5 18. Rb1 b4 19. Qe1 Ncd5 20. Bh4 Bxh4 21. Nxh4 Nc8 22. Qg3 Nxc3 23. Nxc3 Qxd4+ 24. Kh1 Qxc3 25. Qg5 Ne7 26. Rbc1 Qd3 27. Rfd1 Qe4 28. Re1 Qc6 29. Nf3 c3 30. Nd4 Qc4 31. Nb3 Nd5 32. f5 gxf5 33. Red1 Qg4 34. Qxg4 hxg4 35. Nc5 Ke7 36. Kg1 Rhc8 37. Nb7 Rc6 38. h3 gxh3 39. gxh3 a4 40. Rd4 b3 41. axb3 axb3 0-1


[Site "https://www.chess.com"]

[Event "Titled Tuesday Blitz February 22 Early 2022"]
[White "Janaszak, Dawid"]
[Black "Garv Gaur"]
[WhiteFideId "1119206"]
[BlackFideId "45030839"]
[WhiteElo "2199"]
[BlackElo "1950"]
[Result "1-0"]
[Round "08"]
[TimeControl "180+1"]
[Date "2022.02.22"]
[WhiteClock "0:01:54"]
[BlackClock "0:01:19"]

1. e4 c6 2. Bc4 d5 3. Bb3 dxe4 4. Qh5 e6 5. Nc3 Nf6 6. Qh4 Be7 7. Nxe4 Nxe4 8. Qxe4 Nd7 9. d4 Nf6 10. Qd3 c5 11. Be3 O-O 12. O-O-O b6 13. Nf3 Bb7 14. Kb1 Rc8 15. Ne5 Be4 16. Qe2 cxd4 17. Bxd4 Qc7 18. f3 Bb7 19. h4 Rfd8 20. Nxf7 Kxf7 21. Qxe6+ Ke8 22. Qf7+ Kd7 23. Bxf6+ Kc6 24. Qc4+ Bc5 25. Ba4+ 1-0


[Site "https://www.chess.com"]

[Event "Titled Tuesday Blitz February 22 Early 2022"]
[White "Jodorcovsky Werjivker, Paulo"]
[Black "Thomas, Anysia"]
[WhiteFideId "3700305"]
[BlackFideId "670472"]
[WhiteElo "2075"]
[BlackElo "2002"]
[Result "1-0"]
[Round "08"]
[TimeControl "180+1"]
[Date "2022.02.22"]
[WhiteClock "0:00:40"]
[BlackClock "0:00:01"]

1. d4 Nf6 2. c4 g6 3. Nc3 d5 4. Bf4 Bg7 5. e3 O-O 6. Nf3 c5 7. dxc5 Qa5 8. Rc1 dxc4 9. Bxc4 Qxc5 10. Bb3 Nc6 11. O-O Qa5 12. h3 Bf5 13. Qe2 Ne4 14. Nxe4 Bxe4 15. Rfd1 Bxf3 16. gxf3 e5 17. Rd5 Qb6 18. Bg3 Rad8 19. Rcd1 h5 20. Bh4 Rxd5 21. Bxd5 Qb4 22. Bg3 h4 23. a3 Qa4 24. Bh2 a6 25. Be4 Qb3 26. Rd3 Qe6 27. Kg2 b5 28. Qd1 Ne7 29. Rd6 Qc8 30. Rd7 Nf5 31. Qd5 Qc1 32. Bxf5 gxf5 33. Bxe5 Bxe5 34. Qxe5 Qc2 35. Rd4 Rc8 36. Rxh4 1-0


[Site "https://www.chess.com"]

[Event "Titled Tuesday Blitz February 22 Early 2022"]
[White "Kaplan, Ebru"]
[Black "Xu, Yuanyuan"]
[WhiteFideId "6315194"]
[BlackFideId "8601089"]
[WhiteElo "1941"]
[BlackElo "2281"]
[Result "1-0"]
[Round "08"]
[TimeControl "180+1"]
[Date "2022.02.22"]
[WhiteClock "0:00:08"]
[BlackClock "0:00:01"]

1. e4 c5 2. Nf3 Nc6 3. Bb5 e6 4. O-O Nge7 5. Re1 b6 6. c3 a6 7. Bf1 d5 8. exd5 Nxd5 9. d4 cxd4 10. Nxd4 Bb7 11. Nxc6 Bxc6 12. Qg4 h5 13. Qg5 Be7 14. Qxg7 Bf6 15. Qg3 h4 16. Qf3 Nb4 17. Qe2 Bb5 18. c4 Bc6 19. a3 h3 20. g3 Nd5 21. cxd5 Qxd5 22. f3 Rh5 23. Nc3 Bxc3 24. bxc3 Rf5 25. Qe4 Qc5+ 26. Be3 Qxc3 27. Qxf5 Qxa1 28. Qb1 Qxa3 29. Qxb6 Bxf3 30. Bg5 Qa2 31. Qf2 Qd5 32. Qb6 1-0


[Site "https://www.chess.com"]

[Event "Titled Tuesday Blitz February 22 Early 2022"]
[White "Karabalis, Harilos"]
[Black "Mikhailov, Viacheslav"]
[WhiteFideId "4621808"]
[BlackFideId "4187369"]
[WhiteElo "2168"]
[BlackElo "2381"]
[Result "0-1"]
[Round "08"]
[TimeControl "180+1"]
[Date "2022.02.22"]
[WhiteClock "0:00:16"]
[BlackClock "0:00:03"]

1. e4 d6 2. d4 Nf6 3. Nc3 g6 4. Be3 Bg7 5. f3 O-O 6. Qd2 e5 7. Nge2 exd4 8. Nxd4 Nc6 9. g3 d5 10. Nxc6 bxc6 11. Rd1 Qe7 12. exd5 Nxd5 13. Nxd5 cxd5 14. c3 Rb8 15. Kf2 Re8 16. b4 a5 17. a3 axb4 18. axb4 Ra8 19. Bb5 Bd7 20. Bc5 Qd8 21. Bd3 Ra3 22. Rc1 c6 23. Rhe1 Rxe1 24. Qxe1 h5 25. b5 Ra2+ 26. Kg1 cxb5 27. Qe3 h4 28. Bf1 hxg3 29. hxg3 Qc7 30. f4 Bf5 31. Bxb5 Be4 32. Bf1 Qa5 33. Bd4 Qa3 34. Bxg7 Kxg7 35. Qd4+ Kh7 36. Re1 Ra1 37. Re2 f6 38. Qxf6 Qa7+ 39. Qd4 Qxd4+ 40. cxd4 Rd1 41. Kf2 Rxd4 42. Ke3 Rd3+ 43. Kf2 Rf3+ 44. Ke1 Rxg3 45. Rh2+ Kg7 46. Be2 Ra3 47. Rh3 Rxh3 0-1


[Site "https://www.chess.com"]

[Event "Titled Tuesday Blitz February 22 Early 2022"]
[White "Karavaeva, Olga"]
[Black "Mena, Ailen Oriana"]
[WhiteFideId "4124111"]
[BlackFideId "3902773"]
[WhiteElo "2105"]
[BlackElo "1534"]
[Result "0-1"]
[Round "08"]
[TimeControl "180+1"]
[Date "2022.02.22"]
[WhiteClock "0:00:08"]
[BlackClock "0:00:11"]

1. c4 e5 2. Nc3 Nf6 3. g3 d5 4. cxd5 Nxd5 5. Bg2 Nb6 6. Nf3 Nc6 7. O-O Be7 8. b3 O-O 9. Bb2 Be6 10. Rc1 Kh8 11. d3 f5 12. Nd2 Nd5 13. Nc4 Bf6 14. Qd2 Nd4 15. h4 Qd7 16. Nxd5 Bxd5 17. Bxd5 Qxd5 18. Ne3 Qd7 19. Rc5 f4 20. Nd5 Qh3 21. Bxd4 fxg3 22. fxg3 Qxg3+ 23. Kh1 Qxh4+ 24. Kg2 Qg4+ 25. Kh2 exd4 26. Nf4 Be7 27. Rd5 Bd6 28. Rxd6 cxd6 29. Rf3 Rad8 30. a4 Rde8 31. Rf2 Re3 32. Qc1 Rxf4 33. Rxf4 Rh3# 0-1


[Site "https://www.chess.com"]

[Event "Titled Tuesday Blitz February 22 Early 2022"]
[White "Kazancev, Valerij M"]
[Black "Tsatsalashvili, Keti"]
[WhiteFideId "4179609"]
[BlackFideId "13603434"]
[WhiteElo "2464"]
[BlackElo "2246"]
[Result "0-1"]
[Round "08"]
[TimeControl "180+1"]
[Date "2022.02.22"]
[WhiteClock "0:01:17"]
[BlackClock "0:00:33"]

1. c4 e6 2. Nf3 d5 3. g3 Nf6 4. Bg2 d4 5. O-O c5 6. e3 Nc6 7. exd4 cxd4 8. Re1 Bd6 9. Na3 O-O 10. d3 h6 11. Nc2 a5 12. Ncxd4 Nxd4 13. Nxd4 Bb4 14. Nxe6 Bxe6 15. Re2 Bxc4 16. Bxh6 Qxd3 17. Qxd3 Bxd3 18. Re3 Ba6 19. Bg5 Rad8 20. Bxf6 gxf6 21. Rf3 Kg7 22. Rf5 b6 23. a3 Bc5 24. b4 Bd4 25. Re1 axb4 26. axb4 Bc3 27. b5 Bc8 0-1


[Site "https://www.chess.com"]

[Event "Titled Tuesday Blitz February 22 Early 2022"]
[White "King, Alexander"]
[Black "Ibrahimli, Murad"]
[WhiteFideId "2063620"]
[BlackFideId "13410229"]
[WhiteElo "2306"]
[BlackElo "2109"]
[Result "1-0"]
[Round "08"]
[TimeControl "180+1"]
[Date "2022.02.22"]
[WhiteClock "0:00:56"]
[BlackClock "0:00:22"]

1. d4 Nf6 2. c4 e6 3. Nc3 Bb4 4. e3 c5 5. Bd3 O-O 6. Nf3 Nc6 7. O-O Bxc3 8. bxc3 d6 9. e4 e5 10. d5 Ne7 11. Nh4 Ng6 12. Nf5 Ne7 13. Bg5 Bxf5 14. exf5 h6 15. Bh4 Kh8 16. f4 exf4 17. Rxf4 Neg8 18. g4 Qe7 19. Qd2 Rae8 20. Re1 Qd8 21. g5 Rxe1+ 22. Qxe1 hxg5 23. Bxg5 Nh6 24. Rh4 Kg8 25. Qg3 Kh7 26. Qh3 Rg8 27. Rxh6+ 1-0


[Site "https://www.chess.com"]

[Event "Titled Tuesday Blitz February 22 Early 2022"]
[White "Kirillov, Dmitry"]
[Black "Putri, Regita Desyari"]
[WhiteFideId "34180572"]
[BlackFideId "7109083"]
[WhiteElo "2076"]
[BlackElo "1930"]
[Result "0-1"]
[Round "08"]
[TimeControl "180+1"]
[Date "2022.02.22"]
[WhiteClock "0:00:02"]
[BlackClock "0:00:13"]

1. d4 Nf6 2. c4 e6 3. Nf3 b6 4. e3 Bb7 5. Nc3 d5 6. cxd5 exd5 7. g3 Be7 8. Bg2 O-O 9. O-O a6 10. b3 Nbd7 11. Bb2 c5 12. Rc1 Rc8 13. Qe2 Re8 14. Rfd1 Bf8 15. dxc5 Nxc5 16. Nd4 Qd7 17. Qf1 Nce4 18. Bh3 Qd6 19. Bxc8 Bxc8 20. Nxe4 Nxe4 21. Nf3 Bg4 22. Qg2 Qe6 23. Nd4 Qh6 24. Re1 Ng5 25. h4 Ne6 26. Nxe6 Qxe6 27. Rc2 Bf5 28. Rd2 Bb4 29. Red1 Bxd2 30. Rxd2 Be4 31. Qf1 b5 32. Qc1 Qh3 33. f3 Bxf3 34. Kf2 Be4 35. Qg1 Qf5+ 36. Ke1 h6 37. Bd4 Bf3 38. Qf2 Qb1+ 0-1


[Site "https://www.chess.com"]

[Event "Titled Tuesday Blitz February 22 Early 2022"]
[White "Klukin, Kirill"]
[Black "Brunner, Nicolas"]
[WhiteFideId "24199273"]
[BlackFideId "620246"]
[WhiteElo "2324"]
[BlackElo "2372"]
[Result "1/2-1/2"]
[Round "08"]
[TimeControl "180+1"]
[Date "2022.02.22"]
[WhiteClock "0:00:15"]
[BlackClock "0:00:04"]

1. c4 c5 2. Nc3 Nc6 3. Nf3 g6 4. e3 Nf6 5. d4 cxd4 6. exd4 d5 7. cxd5 Nxd5 8. Qb3 e6 9. Bb5 Bg7 10. O-O O-O 11. Bg5 Qb6 12. Na4 Qa5 13. Rfd1 Bd7 14. Nc5 Qc7 15. Rac1 Na5 16. Nxd7 Nxb3 17. Rxc7 Nxc7 18. Ba4 Na5 19. Nxf8 Rxf8 20. Be7 Ra8 21. Rc1 Nd5 22. Bd6 Bf8 23. Be5 f6 24. Bg3 Rd8 25. h4 a6 26. Nd2 b5 27. Bd1 Bd6 28. Ne4 Bxg3 29. fxg3 Kg7 30. Nc5 Rd6 31. Bf3 Nb4 32. a3 Nbc6 33. Nxe6+ Rxe6 34. d5 Re7 35. dxc6 Rc7 36. Rd1 Kf7 37. g4 Ke7 38. h5 Nxc6 39. Rc1 Kd6 40. Rd1+ Ke7 41. Rc1 Kd6 42. Rd1+ Ke7 1/2-1/2


[Site "https://www.chess.com"]

[Event "Titled Tuesday Blitz February 22 Early 2022"]
[White "Kobalia, Mikhail"]
[Black "Narayanan.S.L"]
[WhiteFideId "4119150"]
[BlackFideId "5058422"]
[WhiteElo "2667"]
[BlackElo "2494"]
[Result "1/2-1/2"]
[Round "08"]
[TimeControl "180+1"]
[Date "2022.02.22"]
[WhiteClock "0:01:10"]
[BlackClock "0:01:22"]

1. e4 e6 2. d4 d5 3. Nd2 c5 4. Ngf3 cxd4 5. Nxd4 Nc6 6. Bb5 Bd7 7. Nxc6 bxc6 8. Bd3 Bd6 9. O-O Ne7 10. Qe2 Ng6 11. Nf3 Nf4 12. Bxf4 Bxf4 13. c4 O-O 14. Rad1 Re8 15. Rfe1 g6 16. Qc2 a5 17. g3 Bh6 18. Ne5 Bg7 19. exd5 exd5 20. Nxd7 Qxd7 21. cxd5 cxd5 22. Kg2 h5 23. h4 Rac8 24. Qd2 a4 25. Rxe8+ Qxe8 26. Be2 Rb8 27. b3 axb3 28. axb3 Rxb3 29. Qxd5 Rb2 30. Rd2 Rb8 31. Bf3 Bf6 32. Re2 Qc8 33. Ra2 1/2-1/2


[Site "https://www.chess.com"]

[Event "Titled Tuesday Blitz February 22 Early 2022"]
[White "Kollars, Dmitrij"]
[Black "Nenezic, Marko"]
[WhiteFideId "12909572"]
[BlackFideId "912123"]
[WhiteElo "2584"]
[BlackElo "2484"]
[Result "1-0"]
[Round "08"]
[TimeControl "180+1"]
[Date "2022.02.22"]
[WhiteClock "0:00:15"]
[BlackClock "0:00:03"]

1. d4 Nf6 2. c4 g6 3. Nc3 Bg7 4. e4 O-O 5. h3 d6 6. Be3 e5 7. d5 a5 8. g4 Na6 9. Nge2 Nd7 10. Ng3 Bf6 11. Qd2 Bh4 12. Be2 f6 13. Nf1 Ndc5 14. Nh2 Bg5 15. h4 Bxe3 16. Qxe3 f5 17. gxf5 gxf5 18. O-O-O Kh8 19. Rdg1 Qf6 20. Rg2 Nxe4 21. Nxe4 fxe4 22. Rhg1 Nc5 23. Rg7 Qxg7 24. Rxg7 Kxg7 25. Qg5+ Kh8 26. Qe7 Bd7 27. Bh5 Rxf2 28. Nf3 Rxf3 29. Bxf3 exf3 30. h5 h6 31. Qf6+ Kg8 32. Qg6+ Kf8 33. Qxh6+ Kf7 34. Qg6+ Ke7 35. Qg5+ Kf7 36. Qg6+ Ke7 37. Qg7+ Kd8 38. Qf6+ Ke8 39. h6 f2 40. h7 1-0


[Site "https://www.chess.com"]

[Event "Titled Tuesday Blitz February 22 Early 2022"]
[White "Korchmar, Vasiliy"]
[Black "Shtyka, Sergey"]
[WhiteFideId "24131750"]
[BlackFideId "4138465"]
[WhiteElo "2370"]
[BlackElo "2014"]
[Result "1-0"]
[Round "08"]
[TimeControl "180+1"]
[Date "2022.02.22"]
[WhiteClock "0:02:02"]
[BlackClock "0:01:08"]

1. d4 c5 2. d5 e5 3. Nc3 d6 4. e4 Be7 5. Bb5+ Bd7 6. a4 Bg5 7. Nf3 Bxc1 8. Qxc1 Nf6 9. O-O O-O 10. Nd2 a6 11. Bd3 Bc8 12. Nc4 Qc7 13. a5 Nbd7 14. g3 Ne8 15. f4 exf4 16. gxf4 b5 17. axb6 Nxb6 18. Na5 c4 19. Be2 Qc5+ 20. Kh1 Bh3 21. Rg1 Nf6 22. f5 Bxf5 23. exf5 Nbxd5 24. Qg5 g6 25. fxg6 fxg6 26. Nxd5 Ne4 27. Ne7+ Kf7 28. Bxc4+ Ke8 29. Qxc5 1-0


[Site "https://www.chess.com"]

[Event "Titled Tuesday Blitz February 22 Early 2022"]
[White "Kostiukov, Alexandr"]
[Black "Demin, Vladimir"]
[WhiteFideId "14108100"]
[BlackFideId "4167457"]
[WhiteElo "2202"]
[BlackElo "2567"]
[Result "0-1"]
[Round "08"]
[TimeControl "180+1"]
[Date "2022.02.22"]
[WhiteClock "0:00:16"]
[BlackClock "0:00:49"]

1. g3 d5 2. Bg2 e5 3. c4 c6 4. cxd5 cxd5 5. d4 e4 6. Nc3 Nc6 7. Nh3 Bb4 8. O-O Nge7 9. f3 exf3 10. exf3 O-O 11. Be3 Qa5 12. Qd2 Nf5 13. Bf2 Nfxd4 14. Nf4 Be6 15. Rad1 Rad8 16. a3 Bxc3 17. bxc3 Nb3 18. Qb2 Nc5 19. Nxe6 fxe6 20. Rfe1 e5 21. f4 e4 22. Kh1 Nd3 23. Rxd3 exd3 24. Qxb7 Qxc3 25. Rd1 d2 26. Kg1 Qc2 27. Bf3 Ne5 28. Bxd5+ Kh8 29. Bb3 Qc6 30. Qxc6 Nxc6 31. Be3 Rd3 32. Bc5 Rfd8 33. Ba4 Nd4 34. Kf2 Rf3+ 35. Kg2 Re3 36. Rxd2 Re2+ 37. Rxe2 Nxe2 38. Bxa7 Ra8 39. Bb5 Nc3 40. Be2 Rxa7 0-1


[Site "https://www.chess.com"]

[Event "Titled Tuesday Blitz February 22 Early 2022"]
[White "Kozak, Antoni"]
[Black "Nesterov, Arseniy"]
[WhiteFideId "21832030"]
[BlackFideId "24198455"]
[WhiteElo "2232"]
[BlackElo "2489"]
[Result "1-0"]
[Round "08"]
[TimeControl "180+1"]
[Date "2022.02.22"]
[WhiteClock "0:00:14"]
[BlackClock "0:00:01"]

1. d4 d5 2. Bf4 Nf6 3. e3 Bf5 4. c4 e6 5. Nc3 Bb4 6. Nf3 O-O 7. Be2 Ne4 8. Qb3 c5 9. O-O Nc6 10. cxd5 Na5 11. Qd1 Bxc3 12. bxc3 Nxc3 13. Qe1 Nxe2+ 14. Qxe2 Qxd5 15. Qb5 c4 16. Qb2 Be4 17. Nd2 Bxg2 18. Rfc1 Rfc8 19. Qb4 b6 20. Qe7 Be4 21. Qh4 Bg6 22. Qg3 c3 23. Nf3 c2 24. Ne5 Rc3 25. h4 Nc4 26. Kh2 Nxe5 27. Bxe5 h5 28. Rg1 Kh7 29. Qf4 Rac8 30. Rac1 f6 31. Rxg6 Kxg6 32. Rg1+ Kf7 33. Rxg7+ Ke8 34. Qxf6 Qd7 35. Rg8# 1-0


[Site "https://www.chess.com"]

[Event "Titled Tuesday Blitz February 22 Early 2022"]
[White "Krutko, Anatoly"]
[Black "Gelman, Alexander"]
[WhiteFideId "4185862"]
[BlackFideId "4118316"]
[WhiteElo "2378"]
[BlackElo "2375"]
[Result "0-1"]
[Round "08"]
[TimeControl "180+1"]
[Date "2022.02.22"]
[WhiteClock "0:00:55"]
[BlackClock "0:02:21"]

1. e4 c5 2. Ne2 e6 3. g3 Nc6 4. Bg2 Nf6 5. O-O h5 6. h3 d5 7. exd5 exd5 8. d4 h4 9. g4 Nxg4 10. hxg4 Bxg4 11. Bf4 h3 12. Bh1 h2+ 13. Bxh2 Qh4 14. Re1 Qxh2+ 15. Kf1 Bh3+ 0-1


[Site "https://www.chess.com"]

[Event "Titled Tuesday Blitz February 22 Early 2022"]
[White "Krylov, Ivan"]
[Black "Stefanov, Plamen"]
[WhiteFideId "24128066"]
[BlackFideId "2900980"]
[WhiteElo "2258"]
[BlackElo "2137"]
[Result "1-0"]
[Round "08"]
[TimeControl "180+1"]
[Date "2022.02.22"]
[WhiteClock "0:00:02"]
[BlackClock "0:00:04"]

1. e4 d5 2. exd5 Nf6 3. c4 e6 4. dxe6 Bxe6 5. Be2 Qe7 6. d3 Nc6 7. Nf3 O-O-O 8. O-O Bxc4 9. Qc2 Ba6 10. a3 Qd7 11. b4 Bxd3 12. Bxd3 Qxd3 13. Qa4 a6 14. Be3 Bd6 15. h3 Qb5 16. Qb3 Ne5 17. Nd4 Qc4 18. Qa4 Nd3 19. Nd2 Qd5 20. Qc2 Ne5 21. Rac1 Kb8 22. b5 axb5 23. Rb1 Nc4 24. Rxb5 Nxe3 25. Rxb7+ Qxb7 26. fxe3 Qd5 27. Rb1+ Kc8 28. Qb2 Kd7 29. N2f3 Rb8 30. Qc1 Rxb1 31. Qxb1 Ne4 32. Qc1 f5 33. Nc2 1-0


[Site "https://www.chess.com"]

[Event "Titled Tuesday Blitz February 22 Early 2022"]
[White "Krzywda, Andrzej"]
[Black "Topalov, Aleksandar"]
[WhiteFideId "1114565"]
[BlackFideId "925659"]
[WhiteElo "2098"]
[BlackElo "2098"]
[Result "0-1"]
[Round "08"]
[TimeControl "180+1"]
[Date "2022.02.22"]
[WhiteClock "0:00:06"]
[BlackClock "0:01:05"]

1. d4 Nf6 2. c4 c5 3. d5 d6 4. Nc3 g6 5. Nf3 Bg7 6. h3 O-O 7. Bf4 Na6 8. e3 Nc7 9. Be2 Rb8 10. O-O b6 11. Re1 a6 12. a4 Bd7 13. e4 b5 14. axb5 axb5 15. e5 Nfe8 16. cxb5 Nxb5 17. Bxb5 Bxb5 18. Ra7 Nc7 19. exd6 exd6 20. Bg5 f6 21. Bf4 Rf7 22. Qd2 Ne8 23. Raa1 Bd7 24. Ne4 Bf5 25. Ng3 Bc8 26. Qe2 Kf8 27. Nh2 Re7 28. Qd1 Rxe1+ 29. Qxe1 Rxb2 30. Ra8 Qc7 31. Ng4 Rb8 32. Rxb8 Qxb8 33. Bh6 Bxg4 34. Bxg7+ Nxg7 35. hxg4 Qe8 36. Qc3 Qe7 37. f3 Qe5 38. Qxe5 fxe5 39. Ne4 Ke7 40. g5 Nf5 41. Nf6 h5 42. Ne4 Ne3 43. Kf2 Nxd5 44. Ke2 Nf4+ 45. Kf2 c4 46. g3 Nd3+ 47. Ke3 d5 48. Nf6 Ke6 49. f4 d4+ 50. Ke4 Nc5+ 51. Kf3 e4+ 52. Nxe4 Nxe4 53. Kxe4 c3 54. Kd3 Kf5 55. Kc2 h4 56. gxh4 Kxf4 57. h5 Kxg5 58. hxg6 Kxg6 59. Kd3 Kf5 0-1


[Site "https://www.chess.com"]

[Event "Titled Tuesday Blitz February 22 Early 2022"]
[White "Lakshmi C"]
[Black "Tay, Junior"]
[WhiteFideId "25035347"]
[BlackFideId "5800439"]
[WhiteElo "1775"]
[BlackElo "2216"]
[Result "0-1"]
[Round "08"]
[TimeControl "180+1"]
[Date "2022.02.22"]
[WhiteClock "0:00:02"]
[BlackClock "0:00:19"]

1. d4 Nf6 2. c4 Nc6 3. Nc3 e5 4. d5 Ne7 5. e4 Ng6 6. g3 Bc5 7. Bg2 d6 8. Nge2 O-O 9. O-O a5 10. h3 Bd7 11. Kh2 Re8 12. f4 exf4 13. gxf4 Nh5 14. f5 Ne5 15. Nf4 Nxf4 16. Bxf4 Nxc4 17. Qh5 f6 18. Rf3 Ne5 19. Rg3 Bf2 20. Bxe5 Rxe5 21. Rg4 Qe8 22. Qh6 Kh8 23. Qf4 Bd4 24. Qf3 c6 25. Rd1 Bxc3 26. bxc3 cxd5 27. exd5 Qe7 28. Rf4 Re8 29. Qg4 g5 30. Rf3 Re3 31. Rdf1 Qe5+ 32. Kh1 Re1 33. h4 Rg8 34. Rxe1 Qxe1+ 35. Rf1 Qxh4+ 36. Qxh4 gxh4 37. Re1 Re8 38. Rb1 Bc8 39. Rb6 Rd8 40. Be4 Kg7 41. Kg2 Kh6 42. Kf3 Kg5 43. c4 h3 44. Kg3 h2 45. Kxh2 Kf4 46. Bd3 Ke3 47. Bb1 Kd4 48. a3 Kxc4 49. Ba2+ Kc5 50. Rb1 b5 51. Rc1+ Kd4 52. Rd1+ Ke5 53. Re1+ Kxf5 54. Bb1+ Kg5 55. Kg3 f5 56. Rh1 f4+ 57. Kf2 h5 58. Rg1+ Bg4 59. Re1 Rc8 60. Re7 Rc3 61. Be4 Rxa3 62. Rg7+ Kh4 63. Rg8 Ra2+ 64. Kf1 Kg3 65. Bg6 h4 66. Ke1 h3 67. Bf5 h2 68. Rxg4+ Kf3 69. Rh4 h1=Q+ 70. Rxh1 Ra1+ 71. Kd2 Rxh1 72. Kd3 Rd1+ 73. Kc2 Rxd5 74. Be6 Rc5+ 75. Kd3 a4 0-1


[Site "https://www.chess.com"]